 Dungeon Crawl Stone Soup version 0.26-a0-712-ga5a9c9c9d0 (webtiles) character file.

Game seed: 5159638219720810250

65 nicanaca0 the Covered (level 4, -4/34 HPs)
             Began as a Gnoll Wanderer on Nov 11, 2020.
             Slain by a gnoll
             ... wielding a +0 flail
              (8 damage)
             ... on level 1 of the Dungeon.
             The game lasted 00:02:46 (2017 turns).

nicanaca0 the Covered (Gnoll Wanderer)              Turns: 2017, Time: 00:02:46

Health: -4/34      AC:  9    Str: 15    XL:     4   Next: 14%
Magic:  11/11      EV: 10    Int: 13    God:
Gold:   110        SH:  0    Dex: 16    Spells: 12/13 levels left

rFire    . . .     SeeInvis .   a - +0 dagger
rCold    . . .     Faith    .   (no shield)
rNeg     . . .     Spirit   .   d - +2 scale mail
rPois    .         Reflect  .   (no helmet)
rElec    .         Harm     .   (no cloak)
rCorr    .         Rampage  .   (no gloves)
MR       .....                  (no boots)
Stlth    ..........             (no amulet)
HPRegen  0.11/turn              (no ring)
MPRegen  0.12/turn              (no ring)

@: hasted (expiring), very quick
A: distributed training, fangs 1, strong nose
a: no special abilities


You were on level 1 of the Dungeon.
You visited 1 branch of the dungeon, and saw 2 of its levels.

You collected 110 gold pieces.

Inventory:

Hand Weapons
 a - a +0 dagger (weapon)
Armour
 d - a +2 scale mail (worn)
 q - a +0 plate armour
Scrolls
 b - 2 scrolls of enchant armour {unknown}
 e - a scroll of remove curse {unknown}
 f - 3 scrolls of identify {unknown}
 i - a scroll of enchant weapon {unknown}
 j - 2 scrolls of fear {unknown}
 l - a scroll of magic mapping {unknown}
 m - 2 scrolls of fog {unknown}
Potions
 c - 2 potions of curing {@q1}
 g - 4 potions of degeneration {unknown}
 h - a potion of brilliance {unknown}
 n - a potion of flight {unknown}
 o - a potion of mutation {unknown}
 p - a potion of cancellation {unknown}


   Skills:
 + Level 2.7 Fighting
 + Level 1.0 Short Blades
 + Level 1.0 Long Blades
 + Level 2.7 Axes
 + Level 1.0 Maces & Flails
 + Level 1.0 Polearms
 + Level 1.0 Staves
 + Level 1.0 Slings
 + Level 1.0 Bows
 + Level 1.0 Crossbows
 + Level 4.6 Throwing
 + Level 6.6 Armour
 + Level 1.0 Dodging
 + Level 1.0 Stealth
 + Level 1.0 Shields
 + Level 1.0 Unarmed Combat
 + Level 5.0 Spellcasting
 + Level 0.8 Conjurations
 + Level 0.8 Hexes
 + Level 0.8 Summonings
 + Level 0.8 Necromancy
 + Level 0.8 Translocations
 + Level 0.8 Transmutations
 + Level 0.8 Fire Magic
 + Level 0.8 Ice Magic
 + Level 0.8 Air Magic
 + Level 2.2 Earth Magic
 + Level 0.8 Poison Magic
 + Level 1.1 Invocations
 + Level 1.0 Evocations


You had 12 spell levels left.
You knew the following spells:

 Your Spells              Type           Power        Failure   Level
a - Foxfire               Conj/Fire      #...         41%         1

Your spell library contained the following spells:

 Spells                   Type           Power        Failure   Level
 Stone Arrow              Conj/Erth      #.....       69%         3


Dungeon Overview and Level Annotations

Branches:
Dungeon (2/15)

Altars:


Innate Abilities, Weirdness & Mutations

Your experience applies equally to all skills.
You have very sharp teeth.
Your uncanny sense of smell can sniff out nearby items.


Message History

You climb upwards.
There is a stone staircase leading down here.
The gnoll barely misses you.
You hit the gnoll but do no damage. You hit the gnoll.
The gnoll is moderately wounded.
The gnoll closely misses you.
You hit the gnoll.
The gnoll is heavily wounded.
You completely miss the gnoll. You bite the gnoll, but do no damage.
The gnoll is heavily wounded.
The gnoll hits you with a +0 flail!
* * * LOW HITPOINT WARNING * * *
You barely miss the gnoll. You bite the gnoll.
The gnoll is severely wounded.
Your extra speed is starting to run out.
You hit the gnoll. You bite the gnoll, but do no damage.
The gnoll is almost dead.
The gnoll hits you with a +0 flail!
You die...

#....#
###+#..###...........#
#. #....# #....#
#>##.######## #.
#....# ###.## #.##.#
#. #....# #..# #.##.#
#. #....##### #..#
#.##.# #. .........#
#..# #.##.# #.
.........# #..###.##.#
#.
.....)...###...##.##.#
#.
...†............@>...#
#.
...###..........g#####
#. ...# #...........#
## ...#
#...........#######
...#
#######...........#
#### ...#
###########)# ###...
...# #.# #..... ####
#.# #.#.#. #.# #.#†#.


You could see a gnoll.

Vanquished Creatures
  An adder (D:2)
  A dart slug (D:2)
  3 leopard geckos
  2 ball pythons
  9 bats
  5 giant cockroaches (D:1)
  6 goblins
  4 hobgoblins
  A quokka (D:2)
  2 frilled lizards (D:2)
  5 kobolds
  7 rats
46 creatures vanquished.

Notes
Turn   | Place    | Note
-------+----------+-------------------------------------------
     0 | D:1      | nicanaca0 the Gnoll Wanderer began the quest for the Orb.
     0 | D:1      | nicanaca0 set off with the following items: a +0 dagger, a
                  | potion of curing {@q1}, a +2 scale mail; and the following
                  | spell memorised: Foxfire; and the following spells
                  | available to memorise: Stone Arrow
     0 | D:1      | Reached XP level 1. HP: 17/17 MP: 6/6
   146 | D:1      | Reached XP level 2. HP: 20/23 MP: 7/7
   578 | D:1      | Reached XP level 3. HP: 28/28 MP: 9/9
   736 | D:1      | Reached skill level 5 in Spellcasting
  1155 | D:2      | Reached skill level 1 in Invocations
  1316 | D:2      | Reached skill level 1 in Short Blades
  1316 | D:2      | Reached skill level 1 in Long Blades
  1316 | D:2      | Reached skill level 1 in Maces & Flails
  1316 | D:2      | Reached skill level 1 in Polearms
  1316 | D:2      | Reached skill level 1 in Staves
  1316 | D:2      | Reached skill level 1 in Slings
  1316 | D:2      | Reached skill level 1 in Bows
  1316 | D:2      | Reached skill level 1 in Crossbows
  1316 | D:2      | Reached skill level 1 in Dodging
  1316 | D:2      | Reached skill level 1 in Stealth
  1316 | D:2      | Reached skill level 1 in Shields
  1316 | D:2      | Reached skill level 1 in Unarmed Combat
  1316 | D:2      | Reached skill level 1 in Evocations
  1649 | D:2      | Reached XP level 4. HP: 20/34 MP: 11/11
  2017 | D:1      | Slain by a gnoll

Illustrated notes

Levels and vault maps discovered:
D:1:      dpeg_arrival_radiant, layout_basic, serial_park_tiny_pond
D:2:      layout_rooms, minmay_misc_feat_alley, minmay_misc_feat_secret_circle,
          minmay_tetromino_i4

Skill      XL: |  1  2  3 |
---------------+----------+-----
Earth Magic    | 2 |  2.2
Spellcasting   | 5 |  5.0
Invocations    | 1 |  1.1
Short Blades   | 1 |  1.0
Long Blades    | 1 |  1.0
Maces & Flails | 1 |  1.0
Polearms       | 1 |  1.0
Staves         | 1 |  1.0
Slings         | 1 |  1.0
Bows           | 1 |  1.0
Crossbows      | 1 |  1.0
Dodging        | 1 |  1.0
Stealth        | 1 |  1.0
Shields        | 1 |  1.0
Unarmed Combat | 1 |  1.0
Evocations     | 1 |  1.0
Fighting       | |  2.7
Axes           | |  2.7
Throwing       | |  4.6
Armour         | |  6.6
Conjurations   | |  0.8
Hexes          | |  0.8
Summonings     | |  0.8
Necromancy     | |  0.8
Translocations | |  0.8
Transmutations | |  0.8
Fire Magic     | |  0.8
Ice Magic      | |  0.8
Air Magic      | |  0.8
Poison Magic   | |  0.8

Action                   |  1- 3 |  4- 6 || total
-------------------------+-------+-------++-------
Melee: Dagger            |   272 |    12 ||   284
       Bite              |    29 |     3 ||    32
       Punch             |     1 |       ||     1
  Use: Potion            |       |     1 ||     1
Armor: Scale mail        |   198 |     3 ||   201
Dodge: Dodged            |   207 |     6 ||   213

Table legend: (Time is in decaauts)
 A = Elapsed time spent in this place.
 B = Non-inter-level travel time spent in this place.
 C = Inter-level travel time spent in this place.
 D = Time resting spent in this place.
 E = Time spent auto-exploring this place.
 F = Levels seen in this place.
 G = Mean time per level.
                   A        B        C        D        E       F      G
               +--------+--------+--------+--------+--------+-----+--------+
         Total |   1992 |   1921 |     71 |    192 |   1235 |   2 |  996.0 |
       Dungeon |   1992 |   1921 |     71 |    192 |   1235 |   2 |  996.0 |
               +--------+--------+--------+--------+--------+-----+--------+

Top non-repeatable levels by time:
     D:1: 1009 daAuts
     D:2: 983 daAuts
